 Dungeon Crawl Stone Soup version 0.24.0-125-gc4c63601f3 (webtiles) character file.

Game seed: 9017211483078917576, levelgen mode: deterministic

963 Frank2 the Cudgeler (level 7, -2/53 HPs)
             Began as a Demonspawn Gladiator on Mar 18, 2020.
             Succumbed to Edmund's poison
             ... on level 5 of the Dungeon.
             The game lasted 00:07:58 (4846 turns).

Frank2 the Cudgeler (Demonspawn Gladiator)          Turns: 4846, Time: 00:07:59

Health: -2/53      AC:  7    Str: 13 (14) XL:     7   Next: 92%
Magic:  7/7        EV: 18    Int:  9      God:
Gold:   135        SH:  0    Dex: 22      Spells: 6/6 levels left

rFire    . . .     SeeInvis .   a - +3 flail
rCold    . . .     Gourm    .   (no shield)
rNeg     . . .     Faith    .   e - +0 ring mail
rPois    .         Spirit   .   c - +1 helmet
rElec    .         Reflect  .   (no cloak)
rCorr    .         Harm     .   (no gloves)
MR       .....                  (no boots)
Stlth    ++++......             (no amulet)
HPRegen  0.17/turn              (no ring)
MPRegen  0.10/turn              (no ring)

@: agile, lethally poisoned (-2 -> -44), flying
A: nightstalker 2, powered by death 1
a: no special abilities


You were on level 5 of the Dungeon.
You were very hungry.

You visited 1 branch of the dungeon, and saw 5 of its levels.

You collected 291 gold pieces.
You spent 156 gold pieces at shops.

Inventory:

Hand Weapons
 a - a +3 flail (weapon)
Armour
 c - a +1 helmet (worn)
 e - a +0 ring mail (worn)
 k - a +2 cloak
Jewellery
 b - a cursed ring of teleportation {unknown}
 h - an uncursed ring of fire {unknown}
 q - a +2 ring of strength {unknown}
Wands
 r - a wand of polymorph (10)
Scrolls
 g - 2 scrolls of magic mapping
 l - a scroll of enchant armour
 p - a scroll of fear {unknown}
Potions
 o - a potion of resistance {unknown}
 s - a potion of might {unknown}
 t - a potion of ambrosia {unknown}
Comestibles
 f - 10 rations


   Skills:
 + Level 3.9 Fighting
 + Level 6.6 Maces & Flails
 - Level 1.7 Throwing
 + Level 3.3 Armour
 + Level 4.1 Dodging


You had 6 spell levels left.
You didn't know any spells.
Your spell library contained the following spells:

 Spells                   Type           Power        Failure   Level  Hunger
 Animate Skeleton         Necr           N/A          63%         1    ##.....
 Apportation              Tloc           #.....       63%         1    ##.....
 Confusing Touch          Hex            #.....       63%         1    ##.....
 Summon Small Mammal      Summ           #...         63%         1    ##.....


Dungeon Overview and Level Annotations

Branches:
Dungeon (5/15)
 Temple: D:4-7

Altars:
Hepliaklqana
Trog

Shops:
D:4 ((!

Annotations:
D:5 Edmund


Innate Abilities, Weirdness & Mutations

You are significantly more attuned to the shadows.
You regenerate a little health from kills.


Message History

You feel sick.
Edmund hits you with a +1 dire flail of venom!
* * * LOW HITPOINT WARNING * * *
You are more poisoned.
You barely miss Edmund.
Edmund is severely wounded.
* * * LOW HITPOINT WARNING * * *
You feel very sick. Edmund closely misses you.
You barely miss Edmund.
Edmund is severely wounded.
* * * LOW HITPOINT WARNING * * *
You feel sick.
Edmund hits you with a +1 dire flail of venom!
* * * LOW HITPOINT WARNING * * *
You are more poisoned.
It was a potion of flight.
You feel very buoyant.
You fly up into the air.
You die...

....# #######.#.# #####
#.......#.# #.........#
#......#..# #......#..#
#......#.(# #......##.#
######@.....##>#
#....'@.....##.#
#.####......##.# ########
#.#..#.#######.# .......#
#.#..#.# #.######## ######.#
#.#..#.# #......... #.#
#..†.#.################
#.######.##..(.†............
#........###################
##########


You could see Edmund.

Vanquished Creatures
  Grinder (D:3)
  An ice beast (D:3)
  A black bear (D:3)
  A bullfrog zombie (D:5)
  3 hounds
  2 orc priests
  5 orc wizards
  2 worker ants (D:4)
  2 hound skeletons
  A howler monkey skeleton (D:4)
  4 adders
  An ooze (D:4)
  An adder skeleton (D:5)
  3 worms
  3 dart slugs
  5 leopard geckos
  23 orcs
  4 ball pythons
  10 giant cockroaches
  8 goblins
  9 hobgoblins
  6 jackals
  3 kobolds
  4 quokkas
  6 bats
  14 frilled lizards
  A jackal skeleton (D:4)
  6 rats
130 creatures vanquished.

Notes
Turn   | Place    | Note
-------+----------+-------------------------------------------
     0 | D:1      | Frank2 the Demonspawn Gladiator began the quest for the
                  | Orb.
     0 | D:1      | Reached XP level 1. HP: 16/16 MP: 1/1
   104 | D:1      | Reached skill level 3 in Maces & Flails
   104 | D:1      | Gained mutation: You are slightly more attuned to the
                  | shadows. [demonic ancestry]
   104 | D:1      | Reached XP level 2. HP: 19/22 MP: 2/2
   324 | D:1      | Gained mutation: You are significantly more attuned to the
                  | shadows. [demonic ancestry]
   324 | D:1      | Reached XP level 3. HP: 25/27 MP: 3/3
  1187 | D:2      | Found a bloodstained altar of Trog.
  1218 | D:2      | Reached XP level 4. HP: 15/34 MP: 4/4
  1963 | D:3      | Reached skill level 1 in Armour
  1993 | D:3      | Reached skill level 4 in Maces & Flails
  2370 | D:3      | Reached XP level 5. HP: 15/39 MP: 5/5
  3082 | D:3      | Found a hazy altar of Hepliaklqana.
  3131 | D:3      | Noticed a black bear
  3142 | D:3      | Killed a black bear
  3142 | D:3      | Reached skill level 5 in Maces & Flails
  3142 | D:3      | Reached XP level 6. HP: 38/47 MP: 6/6
  3246 | D:3      | Noticed an ice beast
  3267 | D:3      | Killed an ice beast
  3385 | D:3      | Noticed Grinder
  3407 | D:3      | Paralysed by Grinder for 5 turns
  3420 | D:3      | Paralysed by Grinder for 6 turns
  3450 | D:3      | Killed Grinder
  3450 | D:3      | Gained mutation: You regenerate a little health from kills.
                  | [demonic ancestry]
  3450 | D:3      | Reached XP level 7. HP: 21/52 MP: 7/7
  3951 | D:4      | Reached skill level 6 in Maces & Flails
  4161 | D:4      | Found Bamum's Weapon Shop.
  4295 | D:4      | Found Pam Mekh's Weapon Boutique.
  4316 | D:4      | Found Dulinoxa's Distillery.
  4329 | D:4      | Bought a potion of agility for 52 gold pieces
  4329 | D:4      | Bought a potion of heal wounds for 65 gold pieces
  4329 | D:4      | Bought a potion of curing for 39 gold pieces
  4553 | D:5      | Entered Level 5 of the Dungeon
  4820 | D:5      | Noticed Edmund
  4845 | D:5      | HP: 2/53 [Edmund/+1 dire flail of venom (8)]
  4846 | D:5      | Succumbed to Edmund's poison

Levels and vault maps discovered:
D:1:      sevenhm_arrival_forest_fort_large_4, layout_basic, dk_noncrumbling_3,
          minmay_worlds_worst_comb
D:2:      layout_loops_cross, lemuel_crystal_altar, first_ration,
          minmay_lizard_king
D:3:      layout_loops_corners, nicolae_overflow_hidden_temple,
          hangedman_abyss_or_decor_lesser_grid, uniq_grinder
D:4:      layout_gridville, serial_shops, nicolae_shop_trees, kennysheep_mini,
          nicolae_shop_stone
D:5:      layout_basic, dancing_weapons_uskayaw, minmay_crossroads, uniq_edmund

Skill      XL: |  1  2  3  4  5  6  7 |
---------------+----------------------+-----
Maces & Flails | 3 4 5 6 |  6.6
Dodging        | 3 4 |  4.1
Armour         | 1 2 3 |  3.3
Fighting       | 3 |  3.9
Throwing       | |  1.7

Action                   |  1- 3 |  4- 6 |  7- 9 || total
-------------------------+-------+-------+-------++-------
Melee: Flail             |   183 |   179 |   151 ||   513
Throw: Throwing net      |     2 |     4 |     2 ||     8
  Use: Scroll            |     4 |     6 |       ||    10
       Potion            |       |     7 |     4 ||    11
 Stab: Sleeping          |     5 |    10 |     2 ||    17
       Held in net/web   |     1 |     1 |       ||     2
       Distracted        |       |       |     1 ||     1
  Eat: Chunk             |     1 |     7 |     4 ||    12
Armor: Leather armour    |     6 |       |       ||     6
       Ring mail         |    55 |    74 |    56 ||   185
       Skin              |       |     6 |       ||     6
Dodge: Dodged            |   137 |   135 |   132 ||   404
